 Dungeon Crawl Stone Soup version 0.18.1-50-g88ac8fd (webtiles) character file.

44 Nordron the Changer (level 3, 0/23 HPs)
             Began as an Octopode Transmuter on Sept 24, 2016.
             Slain by Ijyb
             ... wielding a +0 dagger
              (4 damage)
             ... on level 1 of the Dungeon.
             The game lasted 00:07:02 (1722 turns).

Nordron the Changer (Octopode Transmuter)           Turns: 1722, Time: 00:07:03

Health: 0/23       AC:  1    Str:  9    XL:     3   Next: 60%
Magic:  5/6        EV: 12    Int: 15    God:
Gold:   65         SH:  0    Dex: 13    Spells: 1 memorised, 5 levels left

rFire  . . .     SeeInvis .     k - +3 short sword
rCold  . . .     Gourm    .     (no shield)
rNeg   . . .     Faith    .     (helmet restricted)
rPois  .         Spirit   .     (no amulet)
rElec  .         Dismiss  .     (no ring)
rCorr  .         Reflect  .     (no ring)
SustAt .         Harm     .     (no ring)
MR     .....                    (no ring)
Stlth  ++........               (no ring)
                                (no ring)
                                (no ring)
                                (no ring)

@: appendage, not resistant to hostile enchantments, unstealthy
A: almost no armour, amphibious, 8 rings, constrict 8, tentacle spike 3,
camouflage 1, gelatinous body 1
a: End Transformation


You were on level 1 of the Dungeon.
You were not hungry.
One of your tentacles had a temporary spike.
You visited 1 branch of the dungeon, and saw 2 of its levels.

You collected 65 gold pieces.

Inventory:

Hand Weapons
 k - a +3 short sword (weapon)
Missiles
 a - 27 arrows
Scrolls
 g - 2 scrolls of remove curse {unknown}
 i - a scroll of enchant weapon {unknown}
 j - a scroll of recharging {unknown}
Potions
 d - a potion of mutation {unknown}
 e - a potion of degeneration {unknown}
 f - a potion of flight {unknown}
Books
 b - a book of Changes

   Spells                             Type                      Level
   a - Beastly Appendage              Transmutation                1
   b - Sticks to Snakes               Transmutation                2
   c - Spider Form                    Transmutation/Poison         3
   d - Ice Form                       Ice/Transmutation            4
   e - Blade Hands                    Transmutation                5
Comestibles
 c - 2 bread rations


   Skills:
 - Level 1.0 Fighting
 - Level 2.0 Dodging
 - Level 3.0 Unarmed Combat
 - Level 2.0 Spellcasting
 * Level 3.8 Transmutations


You had 5 spell levels left.
You knew the following spells:

 Your Spells              Type           Power        Failure   Level  Hunger
a - Beastly Appendage     Trmt           ##....       6%          1    #......


Dungeon Overview and Level Annotations

Branches:
Dungeon (2/15)

Altars:

Annotations:
D:1 Ijyb


Innate Abilities, Weirdness & Mutations

You cannot wear most types of armour.
You are amphibious.
You can wear up to eight rings at the same time.
You can use your tentacles to constrict eight enemies at once.
Your skin changes colour to match your surroundings (Stealth).
Your rubbery body absorbs attacks (AC +1).
One of your tentacles bears a large vicious spike.


Message History

a giant newt corpse; a quokka corpse x2
Casting: Beastly Appendage
Confirm with . or Enter, or press ? or * to list all spells.
One of your tentacles grows a vicious spike.
The bat barely misses you. The bat hits you but does no damage.
You hit the bat.
You kill the bat!
You completely miss Ijyb. You grab Ijyb.
You pierce Ijyb, but do no damage.
You constrict Ijyb. Ijyb misses you.
You hit Ijyb.
You pierce Ijyb, but do no damage.
Ijyb is moderately wounded.
You constrict Ijyb, but do no damage. Ijyb hits you but does no damage.
You hit Ijyb. You squeeze Ijyb!
Ijyb is severely wounded.
You constrict Ijyb. Ijyb hits you with a dagger.
* * * LOW HITPOINT WARNING * * *
You hit Ijyb but do no damage.
Ijyb is severely wounded.
You constrict Ijyb. Ijyb hits you with a dagger.
You die...

#......##.# #.#####.#
#......##.# #.##....#
#......##.# #.##.####
#.....>##(# #.##.#
#......'..#####.##.#
#......#........##.#
#......#...........####
#####..g...............
##@#.##+###...##...
########.#.##.# #.####...
#........#g##.# #.# #...
#.....[..#.##.###.####...
#........'...........+...
#........####.###.####...
#........# #.....# #...
#........####.....####...
##.......#..'.........(..


You could see Ijyb.

Vanquished Creatures
  3 dart slugs (D:1)
  A giant gecko (D:1)
  3 giant cockroaches (D:1)
  3 hobgoblins (D:1)
  4 kobolds (D:1)
  3 quokkas (D:1)
  3 bats (D:1)
  2 giant newts (D:1)
  7 goblins (D:1)
  5 rats (D:1)
34 creatures vanquished.

Notes
Turn   | Place    | Note
--------------------------------------------------------------
     0 | D:1      | Nordron the Octopode Transmuter began the quest for the Orb.
     0 | D:1      | Reached XP level 1. HP: 13/13 MP: 3/3
    91 | D:1      | Reached XP level 2. HP: 16/18 MP: 3/5
   818 | D:1      | Reached XP level 3. HP: 23/23 MP: 4/6
  1390 | D:2      | Noticed Ijyb
  1722 | D:1      | Slain by Ijyb

Skill      XL: |  1  2 |
---------------+-------+-----
Transmutations | 3 |  3.8
Fighting       | |  1.0
Dodging        | |  2.0
Unarmed Combat | |  3.0
Spellcasting   | |  2.0

Action                   || total
-------------------------++-------
Melee: Unarmed           ||    20
       Constrict         ||    21
       Tentacles         ||    12
       Punch             ||     2
       Short sword       ||    50
       Kick              ||    15
 Cast: Beastly Appendage ||    20
 Stab: Sleeping          ||     3
  Eat: Chunk             ||     3
Armor: Skin              ||     9
Dodge: Dodged            ||    52
